 Dungeon Crawl Stone Soup version 0.31-a0-845-g9abc20d24f (webtiles) character file.

Game seed: 9521161445365448583

67 CrazyBamboolord the Grave Robber (level 4, -1/21 HPs)
             Began as a Vine Stalker Necromancer on Oct 3, 2023.
             Slain by a gnoll
             ... wielding a +0 halberd
              (3 damage)
             ... on level 2 of the Dungeon.
             The game lasted 00:03:00 (1408 turns).

CrazyBamboolord the Grave Robber (VSNe)             Turns: 1408, Time: 00:03:00

Health: -1/21      AC:  5    Str: 10    XL:     4   Next: 18%
Magic:  0/9        EV: 12    Int: 17    God:
Gold:   81         SH:  0    Dex: 15    Spells: 7/8 levels left

rFire   . . .        l - +1 dagger (venom)
rCold   . . .        (no shield)
rNeg    . . .        a - +0 robe
rPois   .            i - +0 helmet
rElec   .            (no cloak)
rCorr   .            (no gloves)
SInv    .            h - +1 pair of boots
Will    .....        (no amulet)
Stlth   ++           (no ring)
HPRegen 1.03/turn    (no ring)
MPRegen 0.11/turn

%: guardian spirit
@: very slightly contaminated
A: fangs 2, regeneration 1, magic shield, antimagic bite, no potion heal 2
a: no special abilities


You were on level 2 of the Dungeon.
You visited 1 branch of the dungeon, and saw 2 of its levels.

You collected 81 gold pieces.

Inventory:

Hand Weapons
 l - a +1 dagger of venom (weapon)
Missiles
 j - a throwing net
Armour
 a - a +0 robe (worn)
 h - a +1 pair of boots (worn)
 i - a +0 helmet (worn)
Wands
 e - a wand of mindburst (8)
Scrolls
 d - a scroll of poison
 m - a scroll of fog {unknown}
Potions
 b - a potion of magic
 c - a potion of degeneration {unknown}
 f - a potion of enlightenment
 g - a potion of mutation {unknown}
 k - a potion of curing {unknown}


   Skills:
 + Level 0.8 Fighting
 + Level 1.8 Dodging
 * Level 3.6 Stealth
 * Level 2.8 Spellcasting
 * Level 4.5 Necromancy


You had 7 spell levels left.
You knew the following spells:

 Your Spells              Type           Power      Damage    Failure   Level
a - Necrotise             Necr           68%        1d7       2%          1

Your spell library contained the following spells:

 Spells                   Type           Power      Damage    Failure   Level
 Vampiric Draining        Necr           17%        2d7       9%          3
 Animate Dead             Necr           17%        N/A       28%         4
 Agony                    Necr           17%        N/A       61%         5


Dungeon Overview and Level Annotations

Branches:
Dungeon (2/15)

Altars:


Innate Abilities, Weirdness & Mutations

You have extremely sharp teeth.
Your natural rate of healing is unusually fast.
When hurt, damage is shared between your health and your magic reserves.
Your bite disrupts and absorbs the magic of your enemies.
Potions cannot restore your health.


Message History

You open the door.
Your bat skeleton crumbles into dust!
You open the door.
There is a stone staircase leading up here.
You see here a +0 whip.
Found a robe.
You see here a +0 helmet.
i - a +0 helmet You start putting on your armour.
You continue putting on your +0 helmet. x4
You finish putting on your +0 helmet. 2 gnolls come into view.
There are monsters nearby!
A gnoll comes into view. It is wielding a +0 halberd.
The gnoll shouts!
The gnoll shouts! x2
The gnoll writhes in agony!
The gnoll writhes in agony!
You kill the gnoll!
The dead are walking!
The gnoll barely resists.
The gnoll hits you but does no damage.
The gnoll hits you from afar with a +0 halberd!
You miscast Necrotise.
You are very lightly contaminated with residual magic.
Nothing appears to happen.
The gnoll closely misses you. The gnoll hits you but does no damage.
The gnoll writhes in agony!
The gnoll closely misses you.
The gnoll hits you from afar with a +0 spear.
You are too injured to fight recklessly!
You are too injured to fight recklessly!
Aiming: Necrotise (safe; 2% risk of failure)
Press: ? - help, Q - select action, (/) - cycle Shift-Dir - straight line, f/p - gnoll
Aim: a gnoll, wielding a +0 spear (heavily wounded, ally target, chance to affect: 81%)
The gnoll barely resists.
The gnoll hits you from afar with a +0 halberd!
* * * LOW HITPOINT WARNING * * *
The gnoll hits you from afar with a +0 spear.
* * * LOW HITPOINT WARNING * * *
The gnoll attacks as it pursues you!
The gnoll hits you from afar with a +0 halberd.
You die...

######### ## #.......#
########. ........#
#........ ....)...#
#........ ....Z...#
#........ ........#
#........
......g.#########....)...
......g.@................
.....############........
.... #........ ...
#........ .. #........ .
#############. #.....# #.
#.....#######.
#.............


You could see 2 gnolls and a friendly gnoll skeleton.

Vanquished Creatures
  2 adders (D:2)
  A gnoll (D:2)
  A dart slug (D:1)
  5 bats
  4 endoplasms
  A giant cockroach (D:1)
  6 goblins
  2 hobgoblins (D:1)
  5 kobolds
  A quokka (D:2)
  3 ball pythons (D:1)
  2 frilled lizards
  5 rats (D:1)
38 creatures vanquished.

Vanquished Creatures (collateral kills)
  A rat (D:1)
1 creature vanquished.

Grand Total: 39 creatures vanquished

Notes
Turn   | Place    | Note
-------+----------+-------------------------------------------
     0 | D:1      | CrazyBamboolord the Vine Stalker Necromancer began the
                  | quest for the Orb.
     0 | D:1      | Reached XP level 1. HP: 9/9 MP: 4/4
   146 | D:1      | Reached XP level 2. HP: 13/13 MP: 3/6
   686 | D:1      | Reached XP level 3. HP: 13/17 MP: 4/7
  1300 | D:2      | Reached XP level 4. HP: 21/21 MP: 9/9
  1407 | D:2      | HP: 1/21 [gnoll/+0 spear (3)]
  1408 | D:2      | Slain by a gnoll

Illustrated notes

Levels and vault maps discovered:
D:1:      dpeg_arrival_leaves_temple_mockup, layout_basic, serial_curves,
          eino_curves_02, eino_curves_03
D:2:      layout_basic

Skill      XL: |  1  2 |
---------------+-------+-----
Stealth        | 3 |  3.6
Fighting       | |  0.8
Dodging        | |  1.8
Spellcasting   | |  2.8
Necromancy     | |  4.5

Action                     |  1- 3 |  4- 6 || total
---------------------------+-------+-------++-------
  Melee: Unarmed           |    11 |       ||    11
         Bite              |     5 |       ||     5
         Short sword       |     6 |       ||     6
         Dagger            |     3 |       ||     3
   Cast: Necrotise         |    59 |     6 ||    65
    Use: Scroll            |     5 |       ||     5
   Stab: Sleeping          |     3 |       ||     3
         Distracted        |     1 |       ||     1
 Armour: Robe              |    26 |     7 ||    33
  Dodge: Dodged            |    28 |     2 ||    30

Table legend: (Time is in decaauts)
 A = Elapsed time spent in this place.
 B = Non-inter-level travel time spent in this place.
 C = Inter-level travel time spent in this place.
 D = Time resting spent in this place.
 E = Time spent auto-exploring this place.
 F = Levels seen in this place.
 G = Mean time per level.
                   A        B        C        D        E       F      G
               +--------+--------+--------+--------+--------+-----+--------+
         Total |   1406 |   1336 |     70 |      0 |   1104 |   2 |  703.0 |
       Dungeon |   1406 |   1336 |     70 |      0 |   1104 |   2 |  703.0 |
               +--------+--------+--------+--------+--------+-----+--------+

Top non-repeatable levels by time:
     D:1: 1084 daAuts
     D:2: 322 daAuts
